 Dungeon Crawl Stone Soup version 0.30-a0-339-g89bb51ec76 (webtiles) character file.

Game seed: 13314299191335048554

199 lunkers the Digger (level 6, -1/45 HPs)
             Began as a Meteoran Earth Elementalist on Oct 31, 2022.
             Slain by Ijyb
             ... wielding a +0 club
              (3 damage)
             ... on level 4 of the Dungeon.
             The game lasted 00:04:39 (1266 turns).

lunkers the Digger (Meteoran Earth Elementalist)    Turns: 1266, Time: 00:04:39

Health: -1/45      AC:  3    Str:  9    XL:     6   Next: 28%
Magic:  0/13       EV:  9    Int: 20    God:
Gold:   153        SH:  0    Dex: 14    Spells: 8/14 levels left

rFire   . . .      SeeInvis .    (no weapon)
rCold   . . .      Faith    .    (no shield)
rNeg    . . .      Spirit   .    a - +0 robe
rPois   +          Reflect  .    (no helmet)
rElec   .          Harm     .    (no cloak)
rCorr   .          Rampage  .    (no gloves)
Will    .....                    p - +0 pair of boots
Stlth   +.........               (no amulet)
HPRegen 0.27/turn                g - ring of poison resistance
MPRegen 0.13/turn                (no ring)

@: grasped by roots, glowing, constricted
A: sense surroundings 1, otherworldly, glowing, explore regen
a: no special abilities


You were on level 4 of the Dungeon.
You visited 1 branch of the dungeon, and saw 4 of its levels.

You collected 153 gold pieces.

Inventory:

Armour
 a - a +0 robe (worn)
 p - a +0 pair of boots (worn)
 r - a +1 ring mail of cold resistance
Jewellery
 g - a ring of poison resistance (left hand)
Scrolls
 d - a scroll of poison
 e - a scroll of enchant armour {unknown}
 i - a scroll of summoning
 l - 2 scrolls of identify
 m - a scroll of noise {unknown}
 o - a scroll of fog {unknown}
 s - a scroll of teleportation {unknown}
Potions
 b - a potion of magic
 c - 3 potions of flight
 f - a potion of attraction {unknown}
 h - a potion of lignification {unknown}
 j - 2 potions of ambrosia {unknown}
 k - 2 potions of mutation {unknown}
 n - 2 potions of curing {unknown}
 q - 2 potions of heal wounds {unknown}


   Skills:
 - Level 2.4 Dodging
 - Level 1.4 Stealth
 + Level 4.5 Spellcasting
 - Level 1.2 Transmutations
 * Level 6.5 Earth Magic


You had 8 spell levels left.
You knew the following spells:

 Your Spells              Type           Power      Damage    Failure   Level
a - Sandblast             Erth           60%        2d14      1%          1
b - Passwall              Tmut/Erth      16%        N/A       3%          2
c - Stone Arrow           Conj/Erth      34%        3d9       10%         3

Your spell library contained the following spells:

 Spells                   Type           Power      Damage    Failure   Level
 Petrify                  Tmut/Erth      20%        N/A       24%         4
 Inner Flame              Hex/Fire       4%         N/A       36%         3
 Cause Fear               Hex            2%         N/A       77%         4
 Discord                  Hex            2%         N/A       100%        8


Dungeon Overview and Level Annotations

Branches:
Dungeon (4/15) Zot: 1094
 Temple: D:4-7

Altars:

Shops:
D:1 ?   D:3 (

Annotations:
D:4 Dowan, Duvessa, Ijyb


Innate Abilities, Weirdness & Mutations

You passively map a small area around you.
You are easily found by Zot.
You glow in the dark.
You regain HP and MP as you explore.


Message History

The grasping roots constrict you.
* * * LOW HITPOINT WARNING * * *
Ijyb hits you with a +0 club.
* * * LOW HITPOINT WARNING * * *
Okay, then.
Aiming: Sandblast (safe; 1% risk of failure)
Press: ? - help, Q - select action, (/) - cycle Shift-Dir - straight line, f - Ijyb
Aim: Ijyb, wielding a +0 club, wearing a +0 scale mail and carrying a wand of digging (3) (heavily wounded, ally target, 82% to hit)
Okay, then.
Okay, then.
Aiming: Sandblast (safe; 1% risk of failure)
Press: ? - help, Q - select action, (/) - cycle Shift-Dir - straight line, f - Ijyb
Aim: Ijyb, wielding a +0 club, wearing a +0 scale mail and carrying a wand of digging (3) (heavily wounded, ally target, 82% to hit)
The blast of sand hits Ijyb!
Ijyb is almost dead.
* * * LOW MAGIC WARNING * * *
Your giant cockroach is engulfed in poison gas.
Your giant cockroach is poisoned.
Your kobold is engulfed in poison gas.
Your kobold is poisoned.
You kill your kobold!
Your kobold's corpse dissolves into shadows!
Your orc wizard is engulfed in poison gas.
Your orc wizard is poisoned.
Your orc is engulfed in poison gas.
Your orc is poisoned.
You kill your orc!
Your orc's corpse dissolves into shadows!
Your orc is engulfed in poison gas.
Your orc is poisoned.
Your orc is engulfed in poison gas.
Your orc is poisoned.
You kill your orc!
Your orc's corpse dissolves into shadows!
Your orc is engulfed in poison gas.
Your orc is poisoned.
You kill your orc!
Your orc's corpse dissolves into shadows!
Ijyb hits you with a +0 club.
You die...

, .....##...#.....###
,, ** .
.§§§§§##.§##.... . ,
.##§§§§##§§#.##....
,,, .§§§§§§#§§§...# ,
,###§§§§oe§§##..# , ,
§###§§§§§§§§§§§..#...
,
§§§§§§§§§§§§§§§......#
,
§§§§§§J§§§§§§§§.....##
,
§§§§§§§@g§§§§§§######
, §§§§§o§§#§#§##§.# ,
,§§§§§§§B#8#......# ,
,, ,
§§§§§§#§#^#......# ,
§§§e§§§§#.##.....# ,
§§§§§§§§§.# ..####
§§§§§ §§§.. ...
§§§§§§§§§.. , , .... ,
*


You could see Duvessa, Ijyb (ally target), Dowan (ally target), a friendly orc
wizard (summoned, poisoned), a friendly orc (summoned, poisoned), a friendly
endoplasm (summoned) and a friendly giant cockroach (summoned, poisoned).

Vanquished Creatures
  A phantom (D:3)
  A hound (D:4)
  An orc wizard (D:4)
  A gnoll (D:1)
  3 worms
  2 dart slugs (D:3)
  3 orcs (D:4)
  4 endoplasms
  2 giant cockroaches
  2 goblins (D:3)
  3 hobgoblins
  2 jackals (D:4)
  6 quokkas
  6 ball pythons
  2 frilled lizards
  3 kobolds
  5 rats
47 creatures vanquished.

Notes
Turn   | Place    | Note
-------+----------+-------------------------------------------
     0 | D:1      | lunkers the Meteoran Earth Elementalist began the quest for
                  | the Orb.
     0 | D:1      | Reached XP level 1. HP: 14/14 MP: 5/5
   139 | D:1      | Found Ycza's Magic Scroll Shoppe.
   205 | D:1      | Reached skill level 4 in Earth Magic
   205 | D:1      | Reached XP level 2. HP: 20/20 MP: 2/7
   350 | D:2      | Reached XP level 3. HP: 25/26 MP: 5/8
   741 | D:3      | Found Daovvu's Antique Weapon Emporium.
   971 | D:3      | Reached XP level 4. HP: 33/33 MP: 8/10
  1029 | D:3      | Reached skill level 5 in Earth Magic
  1130 | D:3      | Found a faded altar of an unknown god.
  1161 | D:3      | Noticed a phantom
  1171 | D:3      | Killed a phantom
  1172 | D:3      | Reached skill level 6 in Earth Magic
  1172 | D:3      | Reached XP level 5. HP: 17/38 MP: 2/12
  1179 | D:3      | Learned a level 2 spell: Passwall
  1183 | D:3      | Learned a level 3 spell: Stone Arrow
  1248 | D:4      | Reached XP level 6. HP: 45/45 MP: 11/13
  1248 | D:4      | Noticed Ijyb
  1252 | D:4      | Noticed Duvessa
  1252 | D:4      | Noticed Dowan
  1265 | D:4      | HP: 2/45 [Ijyb/+0 club (1)]
  1266 | D:4      | Slain by Ijyb

Illustrated notes

Levels and vault maps discovered:
D:1:      lemuel_arrival_broad_hall, layout_loops_cross, serial_shops,
          nicolae_shop_stone
D:2:      layout_basic
D:3:      layout_loops_ring, chequers_ecumenical_altar_simple_redux,
          serial_shops, nicolae_shop_hallway_stairs, gammafunk_ghost_grave,
          minivault_25, minmay_puff
D:4:      layout_cave_pools, mainiacjoe_overflow_small_starburst,
          serial_column_ruins, column_ruins_hut, column_ruins_open_medium,
          column_ruins_grid_1, column_ruins_open_small,
          column_ruins_columns_straight, ebering_dispersal_statue_hall,
          uniq_ijyb, uniq_duvessa

Skill      XL: |  1  2  3  4 |
---------------+-------------+-----
Spellcasting   | 3 4 |  4.5
Earth Magic    | 4 6 |  6.5
Dodging        | |  2.4
Stealth        | |  1.4
Transmutations | |  1.2

Action                   |  1- 3 |  4- 6 || total
-------------------------+-------+-------++-------
Melee: Unarmed           |       |     1 ||     1
 Cast: Sandblast         |    35 |    44 ||    79
  Use: Scroll            |       |     3 ||     3
Armor: Robe              |     2 |     5 ||     7
Dodge: Dodged            |     4 |    15 ||    19

Table legend: (Time is in decaauts)
 A = Elapsed time spent in this place.
 B = Non-inter-level travel time spent in this place.
 C = Inter-level travel time spent in this place.
 D = Time resting spent in this place.
 E = Time spent auto-exploring this place.
 F = Levels seen in this place.
 G = Mean time per level.
                   A        B        C        D        E       F      G
               +--------+--------+--------+--------+--------+-----+--------+
         Total |   1303 |   1251 |     52 |      0 |    927 |   4 |  325.8 |
       Dungeon |   1303 |   1251 |     52 |      0 |    927 |   4 |  325.8 |
               +--------+--------+--------+--------+--------+-----+--------+

Top non-repeatable levels by time:
     D:3: 489 daAuts
     D:2: 436 daAuts
     D:1: 315 daAuts
     D:4: 62 daAuts
